 Dungeon Sprint DCSS version 0.28.0 (webtiles) character file.

Game seed: 3873727441977907826

120133 boopmooplesden the Minotaur Barricade (level 16, -3/177 HPs)
             Began as a Minotaur Fighter on Feb 17, 2022.
             Was the Champion of the Shining One.
             Killed from afar by a frost giant (7 damage)
             ... with a bolt of cold
             ... in the Dungeon (Sprint V: "Ziggurat Sprint").
             The game lasted 00:17:22 (3122 turns).

boopmooplesden the Minotaur Barricade (MiFi)        Turns: 3122, Time: 00:17:23

Health: -3/177     AC: 33    Str: 30    XL:     16   Next: 29%
Magic:  5/32       EV:  7    Int:  5    God:    the Shining One [******]
Gold:   0          SH: 58    Dex: 20    Spells: 15/15 levels left

rFire   + . .      SeeInvis +   m - +7 Screaming Sword {vorpal, sonic wave}
rCold   + + +      Faith    .   o - +18 shield of the Gong {rElec rN+ Will+ EV-5}
rNeg    + + +      Spirit   .   l - +5 gold dragon scales
rPois   +          Reflect  +   N - -2 hat of the Alchemist {rElec rPois rF+ rC+ rN+ Will+ rMut rCorr}
rElec   +          Harm     .   L - +1 cloak of Starlight {*Dazzle EV+4 Stlth--}
rCorr   +          Rampage  +   (no gloves)
rMut    +          NoTele   +   Q - +0 pair of boots {rampage}
Will    +++..                   J - amulet "Tumpyuni" {Reflect rElec rPois SH+5 Stlth-}
Stlth   ..........              C - +6 ring of strength
HPRegen 0.39/turn               a - ring "Menut" {Ice *Slow Dex+5 SInv}
MPRegen 0.23/turn

@: divinely shielded, glowing, studying Bows
A: horns 2, retaliatory headbutt
a: Renounce Religion, Divine Shield, Cleansing Flame, Summon Divine Warrior,
Brand Weapon With Holy Wrath


You were in the Dungeon.
You worshipped the Shining One.
The Shining One was exalted by your worship.
You visited 1 branch

Inventory:

Hand Weapons
 b - a +1 battleaxe of freezing
 m - the +7 Screaming Sword (weapon) {vorpal, sonic wave}
   (You found it in the Dungeon)

   It inflicts extra damage upon your enemies.
   It radiates damaging sonic waves as it strikes, especially in combat
   involving dangerous or numerous foes.
 n - the +5 sword of Power {vorpal}
   (You found it in the Dungeon)

   It inflicts extra damage upon your enemies.
   It occasionally discharges a powerful but inaccurate bolt of energy upon
   striking a foe, with increased chance the greater the wielder's current
   health.
 S - the +6 lajatang "Bebbor" {vorpal, Will+++ Int+5 Dex-5}
   (You found it in the Dungeon)

   It inflicts extra damage upon your enemies.
   Int:       It affects your intelligence (+5).
   Dex:       It affects your dexterity (-5).
   Will:      It greatly increases your willpower.
 U - the +7 broad axe "Siaroi" {holy, rPois}
   (You found it in the Dungeon)

   It has been blessed by the Shining One to cause great damage to the undead
   and demons.
   rPois:     It protects you from poison.
 Z - the +6 hunting sling of Courage {flame, Fragile rC+++ rCorr Stlth+}
   (You found it in the Dungeon)

   Any ammunition fired from it burns those it strikes, dealing additional fire
   damage.
   rC:        It renders you almost immune to cold.
   rCorr:     It protects you from acid and corrosion.
   Fragile:   It will be destroyed if unequipped.
   Stlth:     It makes you more stealthy.
Armour
 l - +5 gold dragon scales (worn)
 o - the +18 shield of the Gong (worn) {rElec rN+ Will+ EV-5}
   (You found it in the Dungeon)

   It is deafeningly noisy when blocking attacks.
   EV:        It affects your evasion (-5).
   rElec:     It insulates you from electricity.
   rN:        It protects you from negative energy.
   Will:      It increases your willpower.
 L - the +1 cloak of Starlight (worn) {*Dazzle EV+4 Stlth--}
   (You found it in the Dungeon)

   It may blind those who miss an attack against the wearer in melee combat.
   EV:        It affects your evasion (+4).
   Stlth:     It makes you much less stealthy.
 M - the +3 chain mail of the Shining Light {Harm MP+9}
   (You found it in the Dungeon)

   MP:        It affects your magic capacity (+9).
   Harm:      It increases damage dealt and taken.
 N - the -2 hat of the Alchemist (worn) {rElec rPois rF+ rC+ rN+ Will+ rMut rCorr}
   (You found it in the Dungeon)

   rF:        It protects you from fire.
   rC:        It protects you from cold.
   rElec:     It insulates you from electricity.
   rPois:     It protects you from poison.
   rN:        It protects you from negative energy.
   rCorr:     It protects you from acid and corrosion.
   rMut:      It protects you from mutation.
   Will:      It increases your willpower.
 Q - a +0 pair of boots of rampaging (worn)
Jewellery
 a - the ring "Menut" (right hand) {Ice *Slow Dex+5 SInv}
   (You took it off a frost giant in the Dungeon)

   [ring of ice]

   It enhances your ice magic.
   Dex:       It affects your dexterity (+5).
   rF:        It makes you vulnerable to fire.
   rC:        It protects you from cold.
   SInv:      It lets you see invisible.
   *Slow:     It may slow you when you take damage.
 c - the ring of Conformity {Wiz rElec rPois}
   (You took it off a deep elf annihilator in the Dungeon)

   [ring of wizardry]

   It improves your spell success rate.
   rElec:     It insulates you from electricity.
   rPois:     It protects you from poison.
 k - the ring of Meidan {rN+ Int+4}
   (You found it in the Dungeon)

   [ring of positive energy]

   Int:       It affects your intelligence (+4).
   rN:        It protects you from negative energy.
 x - a ring of flight
 y - a +6 ring of dexterity
 z - a +6 ring of dexterity
 A - a +6 ring of intelligence
 B - a +6 ring of intelligence
 C - a +6 ring of strength (left hand)
 D - a +6 ring of strength
 J - the amulet "Tumpyuni" (around neck) {Reflect rElec rPois SH+5 Stlth-}
   (You found it in the Dungeon)

   [amulet of reflection]

   It reflects blocked missile attacks.
   rElec:     It insulates you from electricity.
   rPois:     It protects you from poison.
   SH:        It affects your SH (+5).
   Stlth:     It makes you less stealthy.
 P - a ring of ice
 R - a ring of fire
 T - a ring of resist corrosion
 V - a ring of willpower
 X - the amulet "Trusted Companion" {rPois rN++ Regen+ Str+4}
   (You found it in the Dungeon)

   [amulet of regeneration]

   Str:       It affects your strength (+4).
   rPois:     It protects you from poison.
   rN:        It greatly protects you from negative energy.
   Regen:     It increases your rate of health regeneration.
 Y - a ring of protection from cold
Wands
 E - a wand of mindburst (7)
 F - a wand of iceblast (7)
 G - a wand of acid (7)
Scrolls
 j - 4 scrolls of blinking
 s - 4 scrolls of amnesia
 t - 7 scrolls of fog
 u - a scroll of holy word
 v - 5 scrolls of identify
 w - 2 scrolls of fear
 O - 8 scrolls of enchant weapon
 W - 4 scrolls of enchant armour
Potions
 d - 8 potions of might
 e - 10 potions of curing
 f - 11 potions of heal wounds
 g - 10 potions of haste
 h - 7 potions of magic
 i - 3 potions of berserk rage
 p - 2 potions of brilliance
 q - 4 potions of resistance
 r - a potion of experience
Miscellaneous
 H - a lightning rod (4/4)
 I - a phial of floods
 K - a box of beasts


   Skills:
 + Level 24.8 Fighting
 + Level 25.4 Long Blades
 + Level 24.6 Armour
 + Level 3.1 Stealth
 O Level 27 Shields
 O Level 27 Invocations


You had 15 spell levels left.
You didn't know any spells.
Your spell library contained the following spells:

 Spells                   Type           Power      Damage    Failure   Level
 Animate Skeleton         Necr           0%         N/A       98%         1
 Freeze                   Ice            0%         1d3       98%         1
 Sandblast                Erth           0%         2d4       98%         1
 Sting                    Tmut/Pois      0%         1d3       98%         1
 Blink                    Tloc           0%         N/A       99%         2
 Corpse Rot               Necr/Air       0%         N/A       99%         2
 Ensorcelled Hibernation  Hex/Ice        0%         N/A       99%         2
 Passwall                 Tmut/Erth      0%         N/A       99%         2
 Poisonous Vapours        Pois/Air       0%         N/A       99%         2
 Sublimation of Blood     Necr           0%         N/A       99%         2
 Wereblood                Tmut           0%         N/A       99%         2
 Call Canine Familiar     Summ           0%         N/A       100%        3
 Frozen Ramparts          Ice            0%         1d2       100%        3
 Ignite Poison            Fire/Tmut/Pois 0%         N/A       100%        3
 Lesser Beckoning         Tloc           0%         N/A       100%        3
 Mephitic Cloud           Conj/Pois/Air  0%         N/A       100%        3
 Portal Projectile        Hex/Tloc       0%         N/A       100%        3
 Stone Arrow              Conj/Erth      0%         3d7       100%        3
 Swiftness                Air            0%         N/A       100%        3
 Tukima's Dance           Hex            0%         N/A       100%        3
 Animate Armour           Summ/Erth      0%         N/A       100%        4
 Dispel Undead            Necr           0%         3d6       100%        4
 Flame Wave               Conj/Fire      0%         2d4       100%        4
 Fulminant Prism          Conj/Hex       0%         3d6       100%        4
 Hailstorm                Conj/Ice       0%         3d3       100%        4
 Iskenderun's Mystic Bla  Conj/Tloc      0%         2d3       100%        4
 Leda's Liquefaction      Hex/Erth       0%         N/A       100%        4
 Petrify                  Tmut/Erth      0%         N/A       100%        4
 Summon Lightning Spire   Summ/Air       0%         N/A       100%        4
 Blade Hands              Tmut           0%         N/A       100%        5
 Fireball                 Conj/Fire      0%         3d3       100%        5
 Freezing Cloud           Conj/Ice/Air   0%         6-21      100%        5
 Irradiate                Conj/Tmut      0%         3d14      100%        5
 Iskenderun's Battlesphe  Conj           0%         2d6       100%        5
 Lee's Rapid Deconstruct  Erth           0%         3d5*      100%        5
 Manifold Assault         Tloc           0%         N/A       100%        5
 Summon Forest            Summ/Tloc      0%         N/A       100%        5
 Summon Mana Viper        Hex/Summ       0%         N/A       100%        5
 Conjure Ball Lightning   Conj/Air       0%         3x3d6     100%        6
 Death Channel            Necr           0%         N/A       100%        6
 Iron Shot                Conj/Erth      0%         9d1       100%        6
 Summon Cactus Giant      Summ           0%         N/A       100%        6
 Dragon Form              Tmut           0%         N/A       100%        7
 Spellforged Servitor     Conj/Summ      0%         N/A       100%        7
 Summon Hydra             Summ           0%         N/A       100%        7
 Borgnjor's Revivificati  Necr           0%         N/A       100%        8
 Discord                  Hex            0%         N/A       100%        8
 Disjunction              Tloc           0%         N/A       100%        8
 Necromutation            Tmut/Necr      0%         N/A       100%        8
 Chain Lightning          Conj/Air       0%         N/A       100%        9
 Death's Door             Necr           0%         N/A       100%        9


Dungeon Overview and Level Annotations

Branches:
Dungeon (1/1)

Altars:
Ashenzari
Cheibriados
Dithmenos
Elyvilon
Fedhas
Gozag
Hepliaklqana
Kikubaaqudgha
Makhleb
Nemelex Xobeh
Okawaru
Qazlal
Ru
Sif Muna
Trog
Uskayaw
Vehumet
Wu Jian
Xom
Yredelemnul
Zin
The Shining One
Beogh
Jiyva
Lugonu

Annotations:
D 1 transporter


Innate Abilities, Weirdness & Mutations

You have a pair of horns on your head.
You reflexively headbutt those who attack you in melee.


Message History

GONNNNG!
You block the frost giant's attack.
GONNNNG!
Activating: Cleansing Flame (0% risk of failure)
Press: ? - help, Dir - look around, f - activate The golden flame engulfs you but does no damage.
You resist.
The golden flame engulfs the frost giant!!
You kill the frost giant!
The golden flame engulfs the titan!!!
You kill the titan!
The golden flame engulfs the ettin!!!
You kill the ettin!
The golden flame engulfs the stone giant!!!
The stone giant is severely wounded.
The golden flame engulfs the stone giant!!
You kill the stone giant!
The golden flame engulfs the titan!
The titan is severely wounded.
The golden flame engulfs the frost giant!!!
You kill the frost giant!
The golden flame engulfs the frost giant!!!
The frost giant is severely wounded.
The golden flame engulfs the cyclops!!!
You kill the cyclops!
The golden flame engulfs the cyclops!!
The cyclops is severely wounded.
The golden flame engulfs the fire giant!!!
The fire giant is severely wounded.
The golden flame engulfs the fire giant.
The fire giant is moderately wounded.
The golden flame engulfs the ettin!!!
You kill the ettin!
The golden flame engulfs the titan!!
The titan is heavily wounded.
The golden flame engulfs the frost giant!!!
The frost giant is severely wounded.
The frost giant gestures at you while chanting.
The bolt of cold hits you! You resist.
You die...

▓▓▓▓▓▓▓▓▓▓▓▓▓▓▓▓▓▓.......
......8©8...... .......
..|:[[::.|=)=.. ▓▓▓▓▓▓▓▓
..})=)}}))):}.. ▓......8
..:=}}"}:))!).. ▓..)))|[
.....C.CC...... ▓..}|.[[
.....())CC..... ▓......|
.....†)C))..... ▓.......
.....C)@CC..... ▓.......
......†CC...... ▓.......
............... ▓.......
............... ▓.......
............... ▓.......
..▓.........▓.. ▓...▓...
. ▓▓.......▓▓ . ▓..▓▓▓..
..▓.........▓.. ▓...▓...
............... .......


You could see 3 titans, 2 frost giants, 2 fire giants, a stone giant, an ettin
and 2 cyclopes.

Vanquished Creatures
  2 ancient liches (D)
  A curse toe (D)
  A tentacled monstrosity (D)
  An Ice Fiend (D)
  5 titans (D)
  A deep elf blademaster (D)
  7 Orb Guardians (D)
  A lich (D)
  3 deep elf master archers (D)
  A storm dragon (D)
  A rockslime (D)
  7 fire giants (D)
  4 frost giants (D)
  4 narguns (D)
  A balrug (D)
  A deep elf elementalist (D)
  2 deep elf sorcerers (D)
  2 ghouls (D)
  2 stone giants (D)
  3 vampire knights (D)
  A green draconian (D)
  A wendigo (D)
  4 black draconians (D)
  4 deep elf annihilators (D)
  4 white draconians (D)
  2 purple draconians (D)
  2 yellow draconians (D)
  3 blizzard demons (D)
  6 ettins (D)
  3 merfolk impalers (D)
  2 deep elf high priests (D)
  2 merfolk javelineers (D)
  2 salamander tyrants (D)
  An ice dragon (D)
  3 naga warriors (D)
  A catoblepas (D)
  2 spriggan air magi (D)
  An anaconda (D)
  3 merfolk aquamancers (D)
  A hydra (D)
  10 dancing weapons (D)
  2 stokers (D)
  3 hell hogs (D)
  A satyr (D)
  A vampire mage (D)
  A spriggan berserker (D)
  4 skeletal warriors (D)
  3 deep elf knights (D)
  3 sea snakes (D)
  A necromancer (D)
  5 deep elf archers (D)
  A spriggan druid (D)
  2 orc knights (D)
  3 deep elf zephyrmancers (D)
  7 deep elf pyromancers (D)
  2 orc sorcerers (D)
  2 moths of wrath (D)
  2 cyclopes (D)
  3 naga magi (D)
  3 cane toads (D)
  A guardian serpent (D)
  A hellion (D)
  2 rime drakes (D)
  2 ice devils (D)
  3 freezing wraiths (D)
  A troll (D)
  3 polar bears (D)
  7 merfolk (D)
  6 wind drakes (D)
  An air elemental (D)
  A yak (D)
  3 shadows (D)
  3 vampires (D)
  2 fire elementals (D)
  3 water elementals (D)
  A warg (D)
  2 basilisks (D)
  4 nagas (D)
  3 water moccasins (D)
  7 orc warriors (D)
  2 ice beasts (D)
  2 necrophages (D)
  6 ogres (D)
  A centaur (D)
  5 wights (D)
  2 orc priests (D)
  2 iguanas (D)
  4 orc wizards (D)
  3 adders (D)
  A white imp (D)
  An adder skeleton (D)
  An adder zombie (D)
  4 adder simulacra (D)
  A bat skeleton (D)
  A bat zombie (D)
  2 jackals (D)
  4 ball pythons (D)
  A ball python simulacrum (D)
  A bat simulacrum (D)
  A giant cockroach simulacrum (D)
  A jackal skeleton (D)
  A fire vortex (D)
260 creatures vanquished.

Vanquished Creatures (others)
  2 deep elf knights (D)
  A deep elf zephyrmancer (D)
  A giant cockroach simulacrum (D)
4 creatures vanquished.

Grand Total: 264 creatures vanquished

Notes
Turn   | Place    | Note
-------+----------+-------------------------------------------
     0 | D        | boopmooplesden the Minotaur Fighter began the quest for the
                  | Orb.
     0 | D        | Reached XP level 1. HP: 19/19 MP: 0/0
     5 | D        | Banished a spatial maelstrom
     9 | D        | Banished a spatial maelstrom
    18 | D        | Found a blossoming altar of Fedhas.
    18 | D        | Found the +6 Majin-Bo {vamp, MP+6 Int+6}
    18 | D        | Found the +9 heavy crossbow "Sniper" {vorpal, Acc+∞ SInv}
    18 | D        | Found the +10 dark maul {vorpal}
    18 | D        | Found the +15 Maxwell's patent armour {-Cast -Tele rElec
                  | Will+ rCorr}
    18 | D        | Found the +18 shield of the Gong {rElec rN+ Will+ EV-5}
    18 | D        | Found the +14 obsidian axe {vorpal, Mesm Drain Fly SInv}
    18 | D        | Found the +7 great mace "Firestarter" {inner flame, rF++}
    18 | D        | Found the +6 shillelagh "Devastator" {shatter}
    18 | D        | Found the +11 plutonium sword {Contam Stlth-}
    18 | D        | Found the +8 lance "Wyrmbane" {slay drac, rPois rF+ rC+
                  | AC+3}
    18 | D        | Found the +9 sword of Zonguldrok {reap}
    18 | D        | Found the +13 scythe of Curses {drain, Drain}
    18 | D        | Found the +5 sword of Power {vorpal}
    18 | D        | Found the +7 mace of Variability {chain chaos}
    18 | D        | Found the +7 Singing Sword {vorpal, sonic wave}
    18 | D        | Found the +8 storm bow {elec, penet}
    19 | D        | Found a viscous altar of Jiyva.
    19 | D        | Found a transporter.
    19 | D        | Found a hazy altar of Hepliaklqana.
    19 | D        | Found an ancient bone altar of Kikubaaqudgha.
    19 | D        | Found an opulent altar of Gozag.
    19 | D        | Found a corrupted altar of Lugonu.
    27 | D        | Found a burning altar of Makhleb.
    28 | D        | Found an iron altar of Okawaru.
    28 | D        | Found a stormy altar of Qazlal.
    28 | D        | Found a sparkling altar of Nemelex Xobeh.
    28 | D        | Found a sacrificial altar of Ru.
    28 | D        | Found a shimmering blue altar of Sif Muna.
    37 | D        | Found a bloodstained altar of Trog.
    80 | D        | Became a worshipper of the Shining One
   108 | D        | Entered arena 2.
   108 | D        | Noticed a rime drake
   108 | D        | Noticed a rime drake
   108 | D        | Found a transporter.
   111 | D        | Killed a rime drake
   112 | D        | Reached skill level 5 in Long Blades
   112 | D        | Reached XP level 2. HP: 25/36 MP: 1/1
   112 | D        | Reached XP level 3. HP: 29/41 MP: 2/2
   112 | D        | Reached XP level 4. HP: 35/49 MP: 3/3
   112 | D        | Reached XP level 5. HP: 40/56 MP: 4/4
   112 | D        | Killed a rime drake
   113 | D        | Reached skill level 10 in Fighting
   113 | D        | Reached skill level 10 in Armour
   113 | D        | Reached skill level 10 in Shields
   113 | D        | Reached XP level 6. HP: 47/66 MP: 5/5
   113 | D        | Reached XP level 7. HP: 52/72 MP: 6/6
   118 | D        | Got the amulet "Tumpyuni" {Reflect rElec rPois SH+5 Stlth-}
   127 | D        | Entered arena 3.
   127 | D        | Reached * piety under the Shining One
   127 | D        | Reached ** piety under the Shining One
   127 | D        | Found a transporter.
   143 | D        | Entered arena 4.
   143 | D        | Reached *** piety under the Shining One
   143 | D        | Found a transporter.
   161 | D        | Entered arena 5.
   161 | D        | Found a transporter.
   170 | D        | Got Sif Muna's Almanac of the Damaging Arsonist
   172 | D        | Entered arena 6.
   172 | D        | Found the +1 cloak of Starlight {*Dazzle EV+4 Stlth--}
   172 | D        | Noticed a deep elf knight
   172 | D        | Reached **** piety under the Shining One
   172 | D        | Noticed a deep elf archer
   172 | D        | Noticed a +4 scimitar of electrocution
   172 | D        | Noticed a fire elemental
   172 | D        | Noticed a deep elf knight
   172 | D        | Found a transporter.
   178 | D        | Killed a fire elemental
   178 | D        | Killed a deep elf knight
   179 | D        | Reached XP level 8. HP: 49/83 MP: 3/7
   180 | D        | Killed a deep elf knight
   181 | D        | Reached skill level 10 in Long Blades
   181 | D        | Reached XP level 9. HP: 52/90 MP: 3/8
   182 | D        | Killed a +4 scimitar of electrocution
   182 | D        | Killed a deep elf archer
   183 | D        | Reached skill level 15 in Shields
   183 | D        | Reached skill level 1 in Invocations
   189 | D        | Got the +3 chain mail of the Shining Light {Harm MP+9}
   335 | D        | Entered arena 7.
   335 | D        | Noticed a +2 vorpal halberd
   335 | D        | Noticed a deep elf pyromancer
   335 | D        | Reached ***** piety under the Shining One
   335 | D        | Noticed a deep elf pyromancer
   335 | D        | Noticed a deep elf zephyrmancer
   335 | D        | Noticed a deep elf knight
   335 | D        | Noticed a deep elf pyromancer
   336 | D        | Found a transporter.
   339 | D        | Killed a deep elf knight
   340 | D        | Killed a deep elf pyromancer
   341 | D        | Reached XP level 10. HP: 63/101 MP: 5/10
   341 | D        | Killed a +2 vorpal halberd
   341 | D        | Killed a deep elf pyromancer
   341 | D        | Killed a deep elf pyromancer
   341 | D        | Killed a deep elf zephyrmancer
   342 | D        | Reached skill level 15 in Armour
   349 | D        | Got the Reference Book on Air
   365 | D        | Entered arena 8.
   366 | D        | Found a transporter.
   375 | D        | Reached skill level 15 in Long Blades
   595 | D        | Got the +6 lajatang "Bebbor" {vorpal, Will+++ Int+5 Dex-5}
   597 | D        | Entered arena 9.
   597 | D        | Reached ****** piety under the Shining One
   599 | D        | Found a transporter.
   609 | D        | Reached XP level 11. HP: 100/110 MP: 9/12
   624 | D        | Entered arena 10.
   624 | D        | Noticed an orc sorcerer
   624 | D        | Noticed a deep elf knight
   624 | D        | Noticed a deep elf archer
   624 | D        | Noticed a deep elf knight
   624 | D        | Noticed a +5 war axe of freezing
   624 | D        | Noticed a +4 mace of protection
   624 | D        | Noticed a deep elf pyromancer
   626 | D        | Found a transporter.
   627 | D        | Killed a +4 mace of protection
   629 | D        | Killed a deep elf archer
   629 | D        | Killed a deep elf knight
   630 | D        | Killed an orc sorcerer
   633 | D        | Killed a deep elf knight
   634 | D        | Killed a deep elf pyromancer
   636 | D        | Killed a +5 war axe of freezing
   647 | D        | Got the +7 broad axe "Siaroi" {holy, rPois}
   657 | D        | Entered arena 11.
   659 | D        | Found a transporter.
   661 | D        | Reached skill level 5 in Invocations
   669 | D        | Reached skill level 15 in Fighting
   672 | D        | Got the amulet "Trusted Companion" {rPois rN++ Regen+
                  | Str+4}
   674 | D        | Got the Catalogue of Earthen Necromancy
   686 | D        | Got the +6 hunting sling of Courage {flame, Fragile rC+++
                  | rCorr Stlth+}
   689 | D        | Entered arena 12.
   689 | D        | Noticed a deep elf sorcerer
   689 | D        | Noticed a deep elf high priest
   689 | D        | Noticed a deep elf high priest
   689 | D        | Noticed a +4 vorpal war axe
   689 | D        | Noticed a +0 long sword of electrocution
   689 | D        | Noticed a +2 vorpal war axe
   689 | D        | Noticed a +2 dire flail of holy wrath
   689 | D        | Noticed a deep elf pyromancer
   690 | D        | Noticed a deep elf archer
   690 | D        | Noticed a deep elf zephyrmancer
   691 | D        | Found a transporter.
   692 | D        | Killed a +0 long sword of electrocution
   696 | D        | Killed a deep elf pyromancer
   697 | D        | Killed a +2 vorpal war axe
   697 | D        | Killed a +4 vorpal war axe
   697 | D        | Killed a deep elf high priest
   698 | D        | Reached XP level 12. HP: 14/121 MP: 2/16
   698 | D        | Killed a deep elf sorcerer
   698 | D        | Killed a deep elf high priest
  1101 | D        | Entered arena 13.
  1101 | D        | Noticed a salamander tyrant
  1101 | D        | Noticed a stoker
  1101 | D        | Noticed a fire giant
  1101 | D        | Noticed a hell hog
  1101 | D        | Noticed a fire giant
  1101 | D        | Noticed a balrug
  1101 | D        | Noticed a fire giant
  1101 | D        | Noticed a stoker
  1102 | D        | Noticed a salamander tyrant
  1102 | D        | Noticed a hell hog
  1103 | D        | Noticed a hell hog
  1103 | D        | Found a transporter.
  1106 | D        | Killed a balrug
  1106 | D        | Killed a fire giant
  1106 | D        | Killed a hell hog
  1106 | D        | Killed a hell hog
  1107 | D        | Killed a hell hog
  1109 | D        | Killed a salamander tyrant
  1109 | D        | Killed a fire giant
  1110 | D        | Reached skill level 10 in Invocations
  1113 | D        | Killed a stoker
  1113 | D        | Killed a fire giant
  1113 | D        | Killed a salamander tyrant
  1117 | D        | Killed a stoker
  1146 | D        | Got Ereshkigal's Guide on Evil Rituals
  1313 | D        | Entered arena 14.
  1314 | D        | Noticed a spriggan air mage
  1314 | D        | Noticed a four-headed hydra
  1315 | D        | Noticed a catoblepas
  1315 | D        | Noticed a spriggan air mage
  1315 | D        | Identified the ring of Contentment {rCorr Str+2 Int+6
                  | Dex+3}
  1316 | D        | Found a transporter.
  1317 | D        | Noticed a death yak
  1322 | D        | Reached XP level 13. HP: 68/130 MP: 16/20
  1705 | D        | Entered arena 15.
  1706 | D        | Noticed a nargun
  1706 | D        | Noticed a wendigo
  1706 | D        | Noticed a nargun
  1706 | D        | Noticed an Ice Fiend
  1706 | D        | Noticed a nargun
  1709 | D        | Identified the ring "Menut" {Ice *Slow Dex+5 SInv}
  1709 | D        | Noticed a frost giant
  1710 | D        | Noticed a nargun
  1714 | D        | Killed a nargun
  1715 | D        | Killed a nargun
  1717 | D        | Killed a frost giant
  1717 | D        | Killed an Ice Fiend
  1719 | D        | Killed a nargun
  1719 | D        | Paralysed by a wendigo for 1 turns
  1721 | D        | Killed a nargun
  1723 | D        | Found a transporter.
  1726 | D        | Killed a wendigo
  1919 | D        | Entered arena 16.
  1924 | D        | Reached skill level 15 in Invocations
  1929 | D        | Found a transporter.
  1948 | D        | Got Posod's Grimoire of the Oath
  1955 | D        | Entered arena 17.
  1958 | D        | Noticed a merfolk javelineer
  1958 | D        | Noticed a merfolk impaler
  1958 | D        | Noticed a merfolk javelineer
  1959 | D        | Noticed a merfolk impaler
  1960 | D        | Noticed a merfolk impaler
  1960 | D        | Found a transporter.
  1965 | D        | Killed a merfolk impaler
  1965 | D        | Killed a merfolk javelineer
  1967 | D        | Killed a merfolk impaler
  1968 | D        | Reached XP level 14. HP: 90/144 MP: 15/25
  2163 | D        | Entered arena 18.
  2167 | D        | Found the +8 Vampire's Tooth {vamp}
  2168 | D        | Found a transporter.
  2173 | D        | Reached skill level 27 in Shields
  2189 | D        | Got the Tome of Unstable Orientation
  2205 | D        | Entered arena 19.
  2208 | D        | Noticed a deep elf master archer
  2208 | D        | Noticed a deep elf elementalist
  2208 | D        | Noticed a deep elf blademaster
  2209 | D        | Noticed a deep elf master archer
  2209 | D        | Noticed a deep elf master archer
  2209 | D        | Noticed a deep elf sorcerer
  2209 | D        | Identified the ring of Conformity {Wiz rElec rPois}
  2209 | D        | Identified the ring of Meidan {rN+ Int+4}
  2209 | D        | Found a transporter.
  2210 | D        | Killed a deep elf master archer
  2215 | D        | Killed a deep elf sorcerer
  2216 | D        | Reached skill level 1 in Stealth
  2216 | D        | Killed a deep elf master archer
  2218 | D        | Killed a deep elf master archer
  2219 | D        | Killed a deep elf elementalist
  2221 | D        | Killed a deep elf blademaster
  2248 | D        | Got the Volume of Dusty Transmigration
  2483 | D        | Entered arena 20.
  2489 | D        | Identified the amulet of Utiax {Will+ Regen+}
  2489 | D        | Found a transporter.
  2548 | D        | Entered arena 21.
  2552 | D        | Noticed an Orb Guardian
  2552 | D        | Noticed a storm dragon
  2552 | D        | Noticed an Orb Guardian
  2562 | D        | Noticed a Killer Klown
  2562 | D        | Noticed an Orb Guardian
  2563 | D        | Noticed an Orb Guardian
  2563 | D        | Noticed an Orb Guardian
  2566 | D        | Noticed a tentacled monstrosity
  2567 | D        | Noticed an Orb Guardian
  2567 | D        | Identified the +5 flail "Zioreur" {vorpal, rC+}
  2567 | D        | Noticed a curse toe
  2568 | D        | Noticed an Orb Guardian
  2569 | D        | Killed an Orb Guardian
  2570 | D        | Killed an Orb Guardian
  2570 | D        | Killed an Orb Guardian
  2571 | D        | Reached XP level 15. HP: 56/160 MP: 19/28
  2571 | D        | Killed an Orb Guardian
  2571 | D        | Noticed a rockslime
  2571 | D        | a Killer Klown changed into a rockslime
  2572 | D        | Killed an Orb Guardian
  2572 | D        | Killed a rockslime
  2573 | D        | Killed an Orb Guardian
  2574 | D        | Killed an Orb Guardian
  2574 | D        | Killed a tentacled monstrosity
  2574 | D        | Killed a storm dragon
  2585 | D        | Killed a curse toe
  2972 | D        | Found a transporter.
  3038 | D        | Entered arena 22.
  3042 | D        | Noticed an ancient lich
  3043 | D        | Identified the +3 hand crossbow "Ycogo" {vorpal, *Corrode
                  | Int+8 Dex+3}
  3043 | D        | Noticed an ancient lich
  3043 | D        | Noticed a lich
  3043 | D        | Found the -2 hat of the Alchemist {rElec rPois rF+ rC+ rN+
                  | Will+ rMut rCorr}
  3043 | D        | Found the ring of the Mage {Wiz Archmagi}
  3045 | D        | Found a transporter.
  3049 | D        | Killed an ancient lich
  3054 | D        | Killed an ancient lich
  3057 | D        | Killed a lich
  3062 | D        | Reached XP level 16. HP: 173/173 MP: 31/31
  3106 | D        | Entered arena 23.
  3112 | D        | Noticed a titan
  3112 | D        | Noticed a titan
  3112 | D        | Noticed a titan
  3112 | D        | Noticed a titan
  3113 | D        | Noticed a titan
  3113 | D        | Noticed a titan
  3113 | D        | Noticed a titan
  3113 | D        | Noticed a titan
  3115 | D        | Found a transporter.
  3117 | D        | Killed a titan
  3118 | D        | Killed a titan
  3119 | D        | Killed a titan
  3119 | D        | Killed a titan
  3120 | D        | Reached skill level 27 in Invocations
  3121 | D        | HP: 3/177 [ettin (25)]
  3122 | D        | Killed a titan
  3122 | D        | Killed from afar by a frost giant

Illustrated notes

Levels and vault maps discovered:
D:        sprint_v [room_start, room_1, room_2, room_3, room_4, room_5, room_6,
          room_7, room_8, room_9, room_10, room_11, room_12, room_13, room_14,
          room_15, room_16, room_17, room_18, room_19, room_20, room_21,
          room_22, room_23, room_24, room_25, room_26, room_27]

Skill      XL: |  1  2  3  4  5  6  7  8  9 10 11 12 13 14 15 16 |
---------------+-------------------------------------------------+-----
Fighting       | 8 10 11 12 13 14 15 16 18 21 23 24 | 24.8
Long Blades    | 5 6 9 10 13 15 18 19 20 22 24 25 | 25.4
Armour         | 9 10 12 13 14 15 16 17 19 21 23 24 | 24.6
Shields        | 8 10 13 14 16 18 21 24 26 27 | 27.0
Invocations    | 1 3 6 11 16 20 25 27 | 27.0
Stealth        | 2 3 |  3.1

Action                   |  1- 3 |  4- 6 |  7- 9 | 10-12 | 13-15 | 16-18 || total
-------------------------+-------+-------+-------+-------+-------+-------++-------
Melee: Double sword      |     2 |     1 |    18 |    51 |   100 |     1 ||   173
       Headbutt          |       |       |     3 |     7 |    13 |     1 ||    24
Invok: Divine Shield     |       |       |     2 |     8 |     6 |     1 ||    17
       Cleansing Flame   |       |       |       |     5 |    13 |     5 ||    23
  Use: Potion            |       |       |       |       |     1 |     2 ||     3
Armor: Gold dragon scale |     1 |       |     4 |    14 |    35 |     3 ||    57
Dodge: Dodged            |       |       |       |     4 |     6 |     2 ||    12
Block: Kite shield       |     8 |       |    43 |    88 |   195 |    13 ||   347
       Reflection        |       |       |     3 |    10 |    19 |     2 ||    34
